AoeStats
← Konrad

Oasis

508760153Analyzed
4v4 RM · 8d ago on Sep 23, 2026· 50m 11s· 8 players
Game mode
Random Map
Map size
Large (8 player)
Population
200
Speed
Normal
Resources
Standard
Victory
Conquest
Starting age
Dark Age
Ending age
Imperial Age
RankedLock teamsTeams togetherTeam positionsShared explorationLock speedFull tech treeHidden civsTurbo modeCheats
Victory
Defeat
🇨🇱 Bulgarians · Chile
973
+15
🇪🇸 Ethiopians · Spain
962
+15
🇱🇺 Inca · Luxembourg
885
+18
🇪🇸 Celts · Spain
876
+19
🇺🇸 Varangians · United States
952
-17
🇺🇸 Koreans · United States
945
-17
🇨🇳 Muisca · China
943
-17
🇺🇸 Malians · United States
929
-16
Kevatafl
13:08 Feudal Age
16:13 Wheelbarrow
15:45 Scale Barding Armor
15:53 Bloodlines
18:19 Forging
23:55 Castle Age
22:08 Horse Collar
22:24 Double-Bit Axe
24:01 Fletching
25:36 Husbandry
25:59 Chain Barding Armor
25:45 Town Watch
26:14 Bow Saw
26:00 Gold Mining
29:33 Hand Cart
29:35 Loom
30:59 Stone Mining
31:22 Heavy Plow
34:03 Masonry
34:30 Murder Holes
35:45 Vendel Legacy
43:13 Imperial Age
43:17 Cavalier
44:56 Conscription
44:00 Elite Jarl
48:07 Plate Barding Armor
48:08 Iron Casting
48:19 Gothikon
Gbetosaurus
13:55 Feudal Age
12:11 Loom
14:42 Horse Collar
14:48 Double-Bit Axe
15:54 Town Watch
16:45 Wheelbarrow
15:57 Town Watch
24:42 Castle Age
24:46 Gold Mining
25:11 Scale Barding Armor
25:46 Forging
25:23 Light Cavalry
26:14 Bloodlines
26:06 Husbandry
29:37 Bow Saw
30:38 Chain Barding Armor
31:02 Iron Casting
32:05 Hand Cart
31:39 Town Watch
33:27 Stone Mining
36:21 Imperial Age
34:23 Heavy Plow
37:07 Cavalier
38:42 Farimba
39:27 Plate Barding Armor
fellate the homies goodnight
6:52 Loom
11:23 Feudal Age
14:26 Wheelbarrow
14:10 Fletching
23:40 Castle Age
23:48 Crossbowman
24:35 Thumb Ring
24:55 Bodkin Arrow
27:44 Double-Bit Axe
27:41 Horse Collar
32:31 Imperial Age
31:26 Gold Mining
31:37 Heavy Plow
32:52 Ballistics
32:59 Stone Mining
34:42 Chemistry
33:19 Arbalester
39:05 Murder Holes
戏皇。
12:19 Feudal Age
13:34 Horse Collar
13:40 Double-Bit Axe
13:53 Gold Mining
22:40 Castle Age
25:06 Champi Runner
26:48 Heavy Plow
27:00 Bow Saw
29:41 Imperial Age
29:41 Stone Mining
30:31 Gold Shaft Mining
31:12 Champi Warrior
33:44 Crop Rotation
34:15 Two-Man Saw
34:48 Elite Guecha Warrior
35:47 Scale Mail Armor
35:57 Forging
35:38 Fletching
39:53 Loom
40:43 Wheelbarrow
39:53 Town Watch
41:02 Stone Shaft Mining
41:09 Iron Casting
40:49 Chain Mail Armor
40:29 Bodkin Arrow
40:34 Padded Archer Armor
41:02 Conscription
41:55 Elite Champi Warrior
45:44 Treadmill Crane
45:57 Pikeman
Carapenev420
3:54 Loom
13:30 Feudal Age
18:52 Castle Age
17:13 Horse Collar
17:20 Double-Bit Axe
19:23 Stone Mining
22:43 Wheelbarrow
21:53 Town Watch
22:14 Heavy Plow
22:27 Bow Saw
22:50 Pikeman
28:47 Hand Cart
28:32 Town Patrol
34:40 Scale Mail Armor
34:51 Forging
34:31 Fletching
37:43 Town Patrol
38:44 Stronghold
39:30 Chain Mail Armor
39:50 Iron Casting
39:11 Bodkin Arrow
39:32 Gold Mining
40:53 Ballistics
40:29 Murder Holes
44:07 Imperial Age
44:15 Onager
44:16 Heavy Scorpion
45:29 Siege Engineers
45:58 Halberdier
48:11 Capped Ram
49:27 Siege Ram
lil_luzツ
9:12 Loom
11:13 Feudal Age
12:14 Double-Bit Axe
12:11 Horse Collar
23:53 Castle Age
24:47 Bow Saw
25:20 Fletching
25:53 Heavy Plow
28:50 Bodkin Arrow
34:19 Imperial Age
34:41 Padded Archer Armor
34:11 Crossbowman
34:56 Thumb Ring
35:23 Conscription
34:51 Arbalester
36:57 Ballistics
36:28 Elite Skirmisher
42:29 Chemistry
42:19 Bracer
42:34 Leather Archer Armor
44:23 Ring Archer Armor
45:09 Forging
45:00 Scale Mail Armor
45:40 Pikeman
46:21 Squires
46:59 Iron Casting
46:40 Chain Mail Armor
48:05 Champi Runner
OvertChunk95
13:20 Feudal Age
14:49 Loom
18:11 Castle Age
16:02 Double-Bit Axe
16:00 Horse Collar
27:53 Caravan
30:32 Wheelbarrow
32:35 Bow Saw
34:13 Forging
34:03 Scale Mail Armor
34:15 Squires
34:02 Arson
Konrad
11:47 Feudal Age
12:21 Gold Mining
12:22 Double-Bit Axe
12:31 Stone Mining
12:23 Horse Collar
14:18 Wheelbarrow
20:32 Castle Age
18:58 Bloodlines
19:20 Scale Barding Armor
19:27 Forging
19:18 Scale Mail Armor
19:30 Arson
21:48 Hand Cart
21:39 Heavy Plow
22:37 Gold Shaft Mining
22:16 Bow Saw
22:46 Stone Shaft Mining
22:44 Chain Barding Armor
22:38 Husbandry
26:19 Iron Casting
26:00 Chain Mail Armor
25:48 Squires
30:39 Imperial Age
28:47 Stirrups
30:48 Capped Ram
30:51 Elite Konnik
31:53 Conscription
32:11 Plate Barding Armor
32:37 Blast Furnace
32:47 Crop Rotation
32:15 Siege Ram
35:12 Plate Mail Armor
Connection lost

Rejoining the realm…

Still unreachable

The connection could not be restored.

Session expired

The server has moved on; the page needs a fresh start.